AoeStats
← 宫水三叶

MegaRandom

505505167Analyzed
4v4 RM · 24d ago on Sep 9, 2026· 43m 7s· 8 players
Game mode
Random Map
Map size
Large (8 player)
Population
200
Speed
Normal
Resources
Standard
Victory
Conquest
Starting age
Dark Age
Ending age
Imperial Age
RankedLock teamsTeams togetherTeam positionsShared explorationLock speedFull tech treeHidden civsTurbo modeCheats
Victory
Defeat
🇨🇳 Maya · China
1010
+11
🇨🇭 Persians · Switzerland
871
+17
🇫🇷 Khmer · France
869
+17
🇨🇳 Inca · China
740
+22
🇩🇪 Britons · Germany
914
-18
🇦🇷 Mongols · Argentina
893
-17
🇺🇸 Vietnamese · United States
869
-16
🇩🇪 Franks · Germany
864
-16
StefaN1337
7:13 Loom
9:28 Feudal Age
13:00 Double-Bit Axe
13:11 Champi Runner
13:50 Horse Collar
14:19 Scale Mail Armor
14:30 Forging
14:24 Gold Mining
14:24 Town Watch
19:38 Castle Age
18:14 Wheelbarrow
17:51 Arson
20:58 Chain Mail Armor
21:18 Iron Casting
20:55 Heavy Plow
22:13 Bow Saw
22:19 Champi Warrior
24:09 Squires
25:18 Gold Shaft Mining
24:34 Stone Mining
26:02 Town Patrol
25:58 Demolition Ship
27:33 Hand Cart
33:55 Imperial Age
31:52 Herbal Medicine
32:00 Murder Holes
33:02 Stone Shaft Mining
34:39 Fabric Shields
35:40 Crop Rotation
35:40 Conscription
36:04 Plate Mail Armor
36:34 Blast Furnace
35:24 Elite Champi Warrior
38:07 Capped Ram
39:30 Siege Ram
Securias
0:31 Loom
9:12 Feudal Age
11:55 Horse Collar
14:57 Castle Age
14:57 Double-Bit Axe
17:14 Forging
21:13 Bloodlines
22:04 Scale Barding Armor
23:04 Husbandry
24:02 Wheelbarrow
24:07 Iron Casting
25:24 Hand Cart
25:32 Chain Barding Armor
25:05 Fletching
26:26 Town Watch
29:26 Town Patrol
30:05 Bodkin Arrow
30:38 Ballistics
32:14 Thumb Ring
32:22 Elite Skirmisher
34:17 Gold Mining
34:17 Stone Mining
34:29 Heavy Plow
38:57 Imperial Age
36:40 Masonry
36:26 Murder Holes
38:54 Gold Shaft Mining
38:55 Stone Shaft Mining
38:16 Heated Shot
42:00 Padded Archer Armor
43:01 Blast Furnace
42:21 Chain Barding Armor
43:06 Chemistry
42:59 Heavy Camel Rider
FRALEX04
6:36 Loom
9:30 Feudal Age
12:53 Castle Age
11:40 Double-Bit Axe
11:52 Horse Collar
14:23 Bow Saw
18:49 Stone Mining
22:19 Wheelbarrow
23:53 Heavy Plow
23:46 Gold Mining
25:22 Fletching
29:13 Imperial Age
28:06 Forging
28:02 Scale Barding Armor
27:52 Bodkin Arrow
27:56 Murder Holes
28:57 Gold Shaft Mining
27:59 Light Cavalry
28:50 Bloodlines
29:27 Stone Shaft Mining
29:34 Ballistics
29:51 Iron Casting
29:32 Hussar
30:23 Bloodlines
30:13 Husbandry
30:54 Chain Barding Armor
31:51 Blast Furnace
31:54 Conscription
宫水三叶
11:26 Feudal Age
15:25 Castle Age
13:52 Double-Bit Axe
13:47 Horse Collar
17:26 Bow Saw
20:15 Wheelbarrow
22:05 Loom
24:27 Hand Cart
26:38 Gold Mining
27:01 Heavy Plow
28:09 Thumb Ring
27:24 Crossbowman
28:00 Fletching
28:10 Padded Archer Armor
28:22 Forging
28:12 Scale Mail Armor
28:08 Stone Mining
31:18 Imperial Age
29:15 Ballistics
29:55 Bodkin Arrow
30:15 Leather Archer Armor
31:14 Stone Shaft Mining
30:47 Eagle Warrior
31:27 Squires
31:12 Arson
31:29 Arbalester
33:13 Two-Man Saw
32:26 Bracer
32:56 Ring Archer Armor
33:02 Iron Casting
32:42 Chain Mail Armor
33:30 Chemistry
32:54 Elite Eagle Warrior
33:41 Pikeman
35:08 Conscription
35:59 Holcans
36:34 Blast Furnace
36:13 Hul'che Javelineers
36:29 Elite Skirmisher
37:51 Plate Mail Armor
39:41 Capped Ram
40:43 Siege Ram
brad
6:23 Loom
11:38 Feudal Age
14:26 Double-Bit Axe
14:25 Horse Collar
14:40 Gold Mining
18:24 Castle Age
16:29 Fletching
16:39 Padded Archer Armor
16:39 Scale Mail Armor
19:40 Wheelbarrow
19:16 Bow Saw
19:12 Heavy Plow
19:41 Stone Mining
22:12 Bodkin Arrow
22:40 Elite Skirmisher
23:39 Leather Archer Armor
24:04 Thumb Ring
26:00 Forging
27:52 Hand Cart
29:10 Stone Shaft Mining
32:40 Man-at-Arms
33:24 Squires
33:09 Arson
33:42 Chain Mail Armor
34:03 Iron Casting
36:00 Imperial Age
33:47 Long Swordsman
36:00 Pikeman
36:03 Two-Handed Swordsman
37:20 Plate Mail Armor
36:50 Bracer
37:21 Ring Archer Armor
36:33 Imperial Skirmisher
39:32 Ballistics
40:14 Chemistry
39:33 Halberdier
Hoplites
0:49 Loom
9:28 Feudal Age
10:10 Double-Bit Axe
12:47 Fishing Lines
13:42 Stone Mining
13:42 Gold Mining
16:49 Castle Age
15:35 Fletching
15:45 Padded Archer Armor
24:08 Wheelbarrow
23:46 Bow Saw
23:34 Gillnets
25:22 Horse Collar
26:16 Heavy Plow
32:32 Imperial Age
30:14 Gold Mining
32:54 Hand Cart
32:25 Town Watch
34:03 Conscription
34:05 Leather Archer Armor
33:45 Bodkin Arrow
34:41 Town Patrol
34:21 Elite Longbowman
35:27 Yeomen
35:09 Warwolf
35:43 Ring Archer Armor
35:38 Ballistics
36:19 Chemistry
42:11 Bracer
BLONDYN
0:36 Loom
11:09 Feudal Age
11:39 Double-Bit Axe
11:57 Fishing Lines
16:25 Gold Mining
16:25 Stone Mining
17:46 Forging
17:37 Scale Mail Armor
17:42 Scale Barding Armor
17:28 Fletching
21:04 Castle Age
22:42 Gold Shaft Mining
22:38 Bow Saw
22:31 Town Watch
22:16 Pikeman
22:56 Squires
24:04 Wheelbarrow
24:11 Town Patrol
26:19 Caravan
26:35 Gillnets
28:35 Iron Casting
28:59 Husbandry
30:20 Hand Cart
36:28 Imperial Age
34:45 Chain Mail Armor
34:50 Chain Barding Armor
35:18 Arson
36:33 Cavalier
37:16 Chivalry
37:36 Conscription
38:31 #83
39:03 Murder Holes
Pancito
4:40 Loom
9:19 Feudal Age
11:28 Double-Bit Axe
17:36 Horse Collar
21:56 Castle Age
Connection lost

Rejoining the realm…

Still unreachable

The connection could not be restored.

Session expired

The server has moved on; the page needs a fresh start.